 Dungeon Crawl Stone Soup version 0.16.2-12-gd0ad4c3 (webtiles) character file.

334 faibistes the Magician (level 6, -8/32 HPs)
             Began as a Deep Elf Wizard on May 10, 2018.
             Mangled by an ogre
             ... wielding a +0 giant club
              (21 damage)
             ... on level 5 of the Dungeon on May 11, 2018.
             The game lasted 00:13:59 (4985 turns).

faibistes the Magician (Deep Elf Wizard)            Turns: 4985, Time: 00:13:59

Health: -8/32      AC:  6    Str:  4    XL:     6   Next: 27%
Magic:  22/22      EV: 14    Int: 25    God:
Gold:   147        SH:  0    Dex: 13    Spells: 6 memorised, 5 levels left

rFire  . . .     SeeInvis .     p - -2 spear (curse)
rCold  . . .     Clarity  .     a - +0 robe
rNeg   + . .     SustAb   .     (no shield)
rPois  .         Gourm    .     b - +0 hat
rElec  .         Spirit   .     (no cloak)
rCorr  .         Warding  .     j - +0 pair of gloves
rMut   .         Stasis   .     x - +2 pair of boots
MR     .....                    (no amulet)
Stlth  ++........               (no ring)
                                w - ring of positive energy

@: not resistant to hostile enchantments, unstealthy
A: no striking features
a: no special abilities


You were on level 5 of the Dungeon.
You were not hungry.

You visited 1 branch of the dungeon, and saw 5 of its levels.
You also visited: Sewer.

You collected 147 gold pieces.

Inventory:

Hand weapons
 h - a +0 club
 k - a +0 short sword
 l - a +0 dagger
 p - a cursed -2 spear (weapon)
 r - a +2 short sword of holy wrath
 t - a +0 hand axe of electrocution
 y - a +0 flail of venom
Armour
 a - a +0 robe (worn)
 b - a +0 hat (worn)
 j - a +0 pair of gloves (worn)
 x - a +2 pair of boots (worn)
Jewellery
 w - a ring of positive energy (left hand)
Scrolls
 e - 2 scrolls of amnesia
 o - a scroll of teleportation
Potions
 f - a potion of haste
 i - 7 potions of heal wounds
 q - 3 potions of flight
 s - a potion of lignification
 u - a potion of cancellation {unknown}
 v - a potion of brilliance {unknown}
 z - 4 potions of agility
 B - 2 potions of curing {unknown}
 C - a potion of might {unknown}
Books
 c - a book of Minor Magic

   Spells                             Type                      Level
   a - Magic Dart                     Conjuration                  1
   b - Blink                          Translocation                2
   c - Call Imp                       Summoning                    2
   d - Repel Missiles                 Charms/Air                   2
   e - Slow                           Hexes                        2
   f - Conjure Flame                  Conjuration/Fire             3
   g - Mephitic Cloud                 Conjuration/Poison/Air       3
Comestibles
 d - a bread ration
 g - a meat ration
 m - a beef jerky


   Skills:
 * Level 0.0 Fighting
 + Level 4.4 Dodging
 - Level 2.4 Stealth
 * Level 6.5 Spellcasting
 - Level 3.8 Conjurations
 - Level 1.1 Summonings
 - Level 2.5 Translocations


You had 5 spell levels left.
You knew the following spells:

 Your Spells              Type           Power        Failure   Level  Hunger
a - Magic Dart            Conj           ####         1%          1    None
b - Conjure Flame         Conj/Fire      ###.....     12%         3    None
c - Call Imp              Summ           ##......     10%         2    None
d - Blink                 Tloc           N/A          4%          2    None
e - Mephitic Cloud        Conj/Pois/Air  ##......     14%         3    None
f - Repel Missiles        Chrm/Air       #.....       12%         2    None


Dungeon Overview and Level Annotations

Branches:
Dungeon (5/15)
 Temple: D:4-7

Altars:
Ashenzari
Trog

Annotations:
D:5 Sigmund


Message History

Okay, then.
Unknown command.
The centaur barely misses the ogre.
You climb upwards.
There is a stone staircase leading down here.
You start resting.
HP restored.
You start resting.
Your magical contamination has completely faded away.
You start resting.
Magic restored.
You climb downwards.
Level annotation: Sigmund The kobold hits you but does no damage.
The ogre hits you with a giant club!!
Ouch! That really hurt!
There is a stone staircase leading up, spattered with blood here.
You see here 2 arrows.
The kobold barely misses you. The ogre hits you with a giant club!!
Ouch! That really hurt!
You die...

#.# #.# ... #.#
.c. . ##.# ...
.g#
......##.##.##...
#.......@.......P
#.....?ZOK..?...#
...(.......@...
....)#####?#..#
..... .c... #..
... . .


You could see Sigmund, an ogre, 2 centaurs, a quokka zombie, a hobgoblin and a
kobold.

Vanquished Creatures
  A scorpion (D:4)
  A hound (D:4)
  5 adders
  3 river rats (Sewer)
  2 giant mites (D:4)
  5 worms
  5 giant geckos
  3 orcs (D:4)
  8 bats
  2 giant cockroaches
  4 hobgoblins
  3 jackals (D:3)
  A quokka (D:2)
  6 ball pythons (Sewer)
  6 giant newts
  A giant spore (D:4)
  7 goblins
  25 kobolds
  24 rats
112 creatures vanquished.

Vanquished Creatures (collateral kills)
  A giant frog skeleton (D:4)
  A worker ant (D:4)
  An adder (D:2)
  A river rat (Sewer)
  A giant mite (D:4)
  A giant gecko (D:4)
  3 giant cockroaches (D:4)
  3 rats (Sewer)
12 creatures vanquished.

Vanquished Creatures (others)
  An iron imp (D:4)
  A shadow imp (D:4)
  A white imp (D:4)
  A giant spore (D:4)
4 creatures vanquished.

Grand Total: 128 creatures vanquished

Notes
Turn   | Place    | Note
--------------------------------------------------------------
     0 | D:1      | faibistes, the Deep Elf Wizard, began the quest for the Orb.
     0 | D:1      | Reached XP level 1. HP: 10/10 MP: 6/6
   491 | D:1      | Reached XP level 2. HP: 15/15 MP: 1/9
   495 | D:1      | Learned a level 2 spell: Blink
   498 | D:1      | Learned a level 2 spell: Call Imp
  1477 | D:2      | Found a bloodstained altar of Trog.
  1502 | D:2      | Reached XP level 3. HP: 19/19 MP: 6/13
  1507 | D:2      | Learned a level 3 spell: Conjure Flame
  1511 | D:2      | Learned a level 3 spell: Mephitic Cloud
  1933 | D:2      | Reached skill level 5 in Spellcasting
  2072 | D:2      | Reached XP level 4. HP: 24/24 MP: 6/17
  2190 | D:2      | Learned a level 2 spell: Repel Missiles
  2580 | D:2      | Found a shattered altar of Ashenzari.
  3324 | D:4      | Reached XP level 5. HP: 16/28 MP: 4/20
  3469 | D:4      | Reached skill level 6 in Spellcasting
  3575 | D:5      | Entered Level 5 of the Dungeon
  3575 | D:5      | Noticed Sigmund
  3575 | D:5      | Noticed a centaur
  3577 | D:5      | Noticed a centaur
  3577 | D:5      | Noticed an ogre
  3701 | D:4      | Found a glowing drain.
  3722 | Sewer    | Entered a sewer
  4035 | Sewer    | Reached XP level 6. HP: 30/32 MP: 11/22
  4985 | D:5      | Mangled by an ogre

Action                   |  1- 3 |  4- 6 || total
-------------------------+-------+-------++-------
Melee: Dagger            |     1 |       ||     1
       Spear             |     2 |    13 ||    15
 Cast: Magic Dart        |    87 |   156 ||   243
       Call Imp          |     3 |    10 ||    13
       Mephitic Cloud    |     1 |    16 ||    17
       Conjure Flame     |       |     1 ||     1
       Repel Missiles    |       |     1 ||     1
       Blink             |       |     3 ||     3
  Use: Scroll            |     1 |     9 ||    10
       Potion            |       |     3 ||     3
 Stab: Sleeping          |     1 |       ||     1
  Eat: Chunk             |     3 |     9 ||    12
